 Dungeon Crawl Stone Soup version 0.27.1-1-g398f81649c (webtiles) character file.

Game seed: 3115277214645927108

122 safid the Chopper (level 5, -6/47 HPs)
             Began as a Hill Orc Fighter on Sept 9, 2021.
             Mangled by a black bear (8 damage)
             ... on level 4 of the Dungeon.
             The game lasted 00:04:57 (2988 turns).

safid the Chopper (Hill Orc Fighter)                Turns: 2988, Time: 00:04:57

Health: -6/47      AC:  9    Str: 20    XL:     5   Next: 6%
Magic:  5/5        EV:  7    Int:  8    God:
Gold:   125        SH:  9    Dex: 10    Spells: 4/4 levels left

rFire    . . .     SeeInvis .   a - +0 war axe
rCold    . . .     Faith    .   c - +0 kite shield
rNeg     . . .     Spirit   .   b - +0 scale mail
rPois    .         Reflect  .   m - +1 hat
rElec    .         Harm     .   h - +0 cloak
rCorr    .         Rampage  .   (no gloves)
Will     .....                  (no boots)
Stlth    ..........             (no amulet)
HPRegen  0.15/turn              (no ring)
MPRegen  0.09/turn              (no ring)

@: no status effects
A: no striking features
a: no special abilities


You were on level 4 of the Dungeon.
You visited 1 branch of the dungeon, and saw 4 of its levels.

You collected 125 gold pieces.

Inventory:

Hand Weapons
 a - a +0 war axe (weapon)
Missiles
 e - 25 poisoned darts (quivered)
Armour
 b - a +0 scale mail (worn)
 c - a +0 kite shield (worn)
 h - a +0 cloak (worn)
 m - a +1 hat (worn)
Scrolls
 g - a scroll of acquirement {unknown}
 i - 2 scrolls of identify {unknown}
 j - 2 scrolls of teleportation {unknown}
 l - a scroll of vulnerability {unknown}
 n - a scroll of noise {unknown}
Potions
 d - a potion of might
 f - a potion of mutation {unknown}
 k - 2 potions of curing {unknown}
 o - a potion of heal wounds {unknown}


   Skills:
 + Level 4.4 Fighting
 + Level 4.8 Axes
 + Level 4.0 Armour
 + Level 3.8 Shields


You had 4 spell levels left.
You didn't know any spells.
Your spell library contained the following spells:

 Spells                   Type           Power      Damage    Failure   Level
 Slow                     Hex            0%         N/A       100%        2
 Confusing Touch          Hex            0%         N/A       100%        3
 Vampiric Draining        Necr           0%         2d6       100%        3


Dungeon Overview and Level Annotations

Branches:
Dungeon (4/15)
 Temple: D:4-7

Altars:
Yredelemnul
The Shining One

Shops:
D:3 [

Annotations:
D:2 1 runed translucent door, Crazy Yiuf


Message History

The black bear bites you but does no damage.
You block the black bear's attack. x2
You barely miss the black bear.
The black bear is severely wounded.
The black bear bites you but does no damage.
You block the black bear's attack.
The black bear claws you but does no damage.
The black bear bites you. You block the black bear's attack.
The black bear claws you but does no damage.
You hit the black bear.
The black bear is severely wounded.
The black bear goes berserk!
Your scale mail prevents you from hitting the black bear.
The black bear is severely wounded.
The black bear bites you. The black bear closely misses you.
The black bear claws you. The black bear bites you.
* * * LOW HITPOINT WARNING * * *
The black bear barely misses you. You block the black bear's attack.
You hit the black bear.
The black bear is almost dead.
The black bear bites you!
* * * LOW HITPOINT WARNING * * *
The black bear claws you.
* * * LOW HITPOINT WARNING * * *
The black bear barely misses you. You block the black bear's attack.
The black bear closely misses you. The black bear barely misses you.
The black bear bites you but does no damage.
The black bear claws you but does no damage. x2
You barely miss the black bear.
The black bear is severely wounded.
The black bear bites you.
* * * LOW HITPOINT WARNING * * *
The black bear claws you but does no damage.
You block the black bear's attack. The black bear barely misses you.
The black bear claws you but does no damage.
You block the black bear's attack.
You closely miss the black bear.
The black bear is severely wounded.
The black bear bites you!
You die...

###≈# #### #
..≈##≈≈≈##≈#
###≈≈≈≈≈≈≈≈≈#
#...)........
#.#<..)......
#.#.#########
#.#.# #.#.#
#.#@#
#.#.h......
#.########.


You could see a black bear (berserk).

Vanquished Creatures
  A gnoll (D:1)
  4 adders
  2 worms
  3 dart slugs
  An orc (D:4)
  6 endoplasms
  2 giant cockroaches
  7 goblins
  3 hobgoblins
  8 jackals (D:2)
  2 quokkas
  6 ball pythons
  5 bats
  3 frilled lizards
  4 kobolds
  6 rats
63 creatures vanquished.

Notes
Turn   | Place    | Note
-------+----------+-------------------------------------------
     0 | D:1      | safid the Hill Orc Fighter began the quest for the Orb.
     0 | D:1      | Reached XP level 1. HP: 19/19 MP: 1/1
   237 | D:1      | Reached XP level 2. HP: 27/27 MP: 2/2
   717 | D:1      | Reached XP level 3. HP: 22/33 MP: 3/3
  1266 | D:2      | Reached XP level 4. HP: 35/40 MP: 4/4
  1435 | D:2      | Found a runed translucent door.
  1436 | D:2      | Noticed Crazy Yiuf
  2168 | D:3      | Found a basalt altar of Yredelemnul.
  2170 | D:3      | Noticed a profane servitor
  2424 | D:3      | Reached XP level 5. HP: 40/47 MP: 5/5
  2483 | D:3      | Found a faded altar of an unknown god.
  2530 | D:3      | Found Gaemifes's Armour Shop.
  2622 | D:3      | Found a glowing golden altar of the Shining One.
  2974 | D:4      | Noticed a black bear
  2987 | D:4      | HP: 2/47 [black bear (4)]
  2988 | D:4      | Mangled by a black bear

Illustrated notes

Levels and vault maps discovered:
D:1:      scummos_arrival_star, layout_loops_ring, grunt_decor_fettered,
          minivault_25, corexii_corridor_pit, solitary_fountain, st_stairs_13,
          minmay_misc_feat_iff, dk_noncrumbling_2
D:2:      layout_loops_ring, uniq_crazy_yiuf_cottage
D:3:      layout_basic, grunt_temple_overflow_holy_war, serial_shops, shop,
          shapermc_ecumenical_altar_pompeii, hangedman_decor_growths,
          minmay_unequal
D:4:      layout_basic, portal_sewer_entry_b, lightli_minifort

Skill      XL: |  1  2  3  4 |
---------------+-------------+-----
Axes           | 3 4 |  4.8
Fighting       | 4 |  4.4
Armour         | 4 |  4.0
Shields        | |  3.8

Action                   |  1- 3 |  4- 6 || total
-------------------------+-------+-------++-------
Melee: War axe           |    85 |    97 ||   182
Armor: Scale mail        |    51 |    58 ||   109
Dodge: Dodged            |    30 |    32 ||    62
Block: Kite shield       |    46 |    56 ||   102
